 Dungeon Crawl Stone Soup version 0.15.2 (webtiles) character file.

109 MuhBandages the Ruffian (level 4, 0/35 HPs)
             Began as a Mummy Monk on Nov 2, 2015.
             Slain by a hobgoblin
             ... wielding a +0 club
              (4 damage)
             ... on Level 2 of the Dungeon.
             The game lasted 00:06:58 (2293 turns).

MuhBandages the Ruffian (Mummy Monk)                Turns: 2293, Time: 00:06:58

HP   0/35        AC  0     Str 15      XL: 4   Next: 60%
MP   4/4         EV 17     Int  9      God:
Gold 109         SH  0     Dex 14      Spells:  0 memorised,  3 levels left

rFire  x . .     SeeInvis .       - Unarmed
rCold  + . .     Clarity  .     (no armour)
rNeg   + + +     rCorr    .     (no shield)
rPois  +         rRot     +     (no helmet)
rElec  .         Spirit   .     (no cloak)
SustAb .         Warding  .     (no gloves)
rMut   .         Stasis   .     (no boots)
Gourm  .                        (no amulet)
MR     .....                    e - +4 ring of evasion
                                h - ring of stealth

@: not resistant to hostile enchantments, fairly stealthy
A: no food or potions, fire vulnerability, restore body, cold resistance 1,
negative energy resistance 3, poison resistance, torment resistance, unbreathing
a: no special abilities


You were on level 2 of the Dungeon.
You were not hungry.

You visited 1 branch of the dungeon, and saw 3 of its levels.

You collected 109 gold pieces.


Innate Abilities, Weirdness & Mutations

You do not eat or drink.
Your flesh is vulnerable to fire.
Your flesh is cold resistant.
You are immune to negative energy.
Your system is resistant to poisons.
You are immune to unholy pain and torment.
You can survive without breathing.


   Skills:
 - Level 3.0 Fighting
 - Level 2.4 Dodging
 - Level 1.5 Stealth
 + Level 5.0 Unarmed Combat


You had 3 spell levels left.
You didn't know any spells.

Inventory:

Comestibles
 f - 2 meat rations
 g - a bread ration
Scrolls
 a - a scroll of identify {unknown}
 b - a scroll of fear {unknown}
 c - a scroll of remove curse {unknown}
 i - a scroll of teleportation {unknown}
Jewellery
 d - an uncursed ring of flight
 e - a +4 ring of evasion (right hand)
 h - a ring of stealth (left hand)

Dungeon Overview and Level Annotations

Branches:
Dungeon (3/15)

Altars:

.....#.# ##..................#
.....#.#######...##..........####
######......##...#.......(.....#.
######.................##...
##......#..............
#.....>..!.###..####..
##....###..............
##..##g.#....#....##....
#.....b@..[#.#.##.#..#..
#######.....g.....<...........
#.................##.###.....!
####.######........#.##..........
.....# ######..##..#.##.......
...[.# ###.....###.#..........
....#######.......###.......>....
)................................
.....#####)..........##..#.......


You could see a hobgoblin, a goblin and a bat.


Message History

Unknown command.
Unknown command.
Unknown command.
Unknown command.
Unknown command.
The bat hits you.
* * * LOW HITPOINT WARNING * * *
A hobgoblin comes into view. It is wielding a club.
The bat hits you.
* * * LOW HITPOINT WARNING * * *
The bat hits you.
* * * LOW HITPOINT WARNING * * *
The bat completely misses you. The bat misses you. The bat misses you.
The bat closely misses you. The bat completely misses you. The bat hits you.
* * * LOW HITPOINT WARNING * * *
The bat closely misses you. The goblin closely misses you. The bat misses you.
The bat misses you. The bat closely misses you. The bat closely misses you.
The bat hits you.
* * * LOW HITPOINT WARNING * * *
There is a stone staircase leading up here.
The bat hits you.
* * * LOW HITPOINT WARNING * * *
The bat misses you. x2
The hobgoblin hits you with a club.
You die...

Action                   |  1- 3 |  4- 6 || total
-------------------------+-------+-------++-------
Melee: Unarmed           |   103 |    40 ||   143
 Stab: Sleeping          |     1 |     4 ||     5

Vault maps used:
D:1:      roderic_dead_forest
D:2:      minmay_snake_closets, uniq_jessica
D:3:      zin_treasury, serial_undead, serial_undead_e, serial_undead_a,
          serial_undead_a, serial_undead_d, serial_undead_c, serial_undead_a,
          st_stairs_13

Notes
Turn   | Place    | Note
--------------------------------------------------------------
     0 | D:1      | MuhBandages, the Mummy Monk, began the quest for the Orb.
     0 | D:1      | Reached XP level 1. HP: 18/18 MP: 1/1
   447 | D:1      | Reached XP level 2. HP: 20/24 MP: 2/2
  1136 | D:2      | Noticed Jessica
  1155 | D:2      | Killed Jessica
  1155 | D:2      | Reached skill level 4 in Unarmed Combat
  1155 | D:2      | Reached XP level 3. HP: 25/29 MP: 3/3
  1788 | D:2      | Reached XP level 4. HP: 28/35 MP: 4/4
  2176 | D:2      | Reached skill level 5 in Unarmed Combat
  2293 | D:2      | Slain by a hobgoblin

Vanquished Creatures
  Jessica (D:2)
  6 adders (D:2)
  A worm (D:3)
  6 ball pythons (D:2)
  3 goblins
  3 hobgoblins
  2 jackals (D:1)
  3 kobolds
  4 bats
  A giant cockroach (D:1)
  2 giant newts (D:1)
  2 rats (D:2)
34 creatures vanquished.
